 Dungeon Crawl Stone Soup version 0.20.1-1-g8b1a95d (webtiles) character file.

5745 Irenicus the Cleaver (level 10, -10/75 (80) HPs)
             Began as a Deep Dwarf Necromancer on Nov 4, 2017.
             Was an Elder of Makhleb.
             Mangled by a two-headed ogre
             ... wielding a +0 giant club
              (25 damage)
             ... on level 10 of the Dungeon.
             The game lasted 00:34:09 (6855 turns).

Irenicus the Cleaver (Deep Dwarf Necromancer)       Turns: 6855, Time: 00:34:11

HP:   -10/75 (80)   AC:  8    Str: 13      XL:     10   Next: 49%
MP:   2/16          EV: 12    Int: 17      God:    Makhleb [****..]
Gold: 536           SH:  6    Dex: 16 (19) Spells: 6/19 levels left

rFire    + . .     SeeInvis +   x - +0 war axe
rCold    x . .     Gourm    .   (no shield)
rNeg     . . .     Faith    .   M - +0 leather armour "Jotiazxe" {rCorr Dex+3}
rPois    .         Spirit   .   (helmet restricted)
rElec    .         Reflect  +   y - +0 cloak {+Inv}
rCorr    +         Harm     .   s - +0 pair of gloves
MR       +....                  (no boots)
Stlth    ++........             q - +6 amulet of reflection
Regen    0.0/turn               g - ring of see invisible
MPRegen  0.2/turn               n - ring of fire

@: very slightly contaminated, starving, non-regenerating
A: damage resistance, heal wounds, antennae 1, slimy green scales 2, clever 1,
low mp 1, sense surroundings 2, no regeneration
a: Heal Wounds, Minor Destruction, Lesser Servant of Makhleb, Major Destruction,
Renounce Religion, Evoke Invisibility


You were on level 10 of the Dungeon.
You worshipped Makhleb.
Makhleb was greatly pleased with you.
You were starving.

You visited 2 branches of the dungeon, and saw 11 of its levels.

You collected 536 gold pieces.

Inventory:

Hand Weapons
 w - a +0 dagger of speed
 x - a +0 war axe (weapon)
 I - a +0 hand axe
Missiles
 B - 2 throwing nets (quivered)
Armour
 i - a +1 helmet
 s - a +0 pair of gloves (worn)
 y - a +0 cloak of invisibility (worn)
 M - the +0 leather armour "Jotiazxe" (worn) {rCorr Dex+3}
   (You found it on level 6 of the Dungeon)

   It affects your dexterity (+3).
   It protects you from acid and corrosion.
Jewellery
 g - a ring of see invisible (left hand)
 n - a ring of fire (right hand)
 q - a +6 amulet of reflection (around neck)
Wands
 G - a wand of disintegration (1/24)
 J - a wand of random effects (0/48)
Scrolls
 e - a scroll of remove curse
 f - 2 scrolls of noise
 h - a scroll of recharging
 j - 2 scrolls of blinking
 k - 2 scrolls of immolation
 m - a scroll of brand weapon {unknown}
 r - a scroll of amnesia
 v - a scroll of identify
 F - 2 scrolls of teleportation {unknown}
 K - a scroll of fear {unknown}
 L - a scroll of magic mapping {unknown}
 O - a scroll of silence {unknown}
Potions
 d - a potion of curing
 l - a potion of mutation
 o - a potion of might
 t - a potion of invisibility {unknown}
 z - a potion of flight {unknown}
 A - a potion of heal wounds {unknown}
 C - a potion of ambrosia {unknown}
 D - a potion of brilliance {unknown}
 N - a potion of magic {unknown}
 Q - a potion of haste
Books
 b - a book of Necromancy

   Spells                             Type                      Level
   a - Pain                           Necromancy                   1
   b - Animate Skeleton               Necromancy                   1
   c - Vampiric Draining              Necromancy                   3
   d - Regeneration                   Charms/Necromancy            3
   e - Animate Dead                   Necromancy                   4
   f - Control Undead                 Necromancy                   4
 E - a book of Conjurations

   Spells                             Type                      Level
   a - Magic Dart                     Conjuration                  1
   b - Searing Ray                    Conjuration                  2
   c - Dazzling Spray                 Conjuration/Hexes            3
   d - Fulminant Prism                Conjuration/Hexes            4
   e - Force Lance                    Conjuration/Translocation    4
   f - Iskenderun's Mystic Blast      Conjuration                  4
Comestibles
 a - 8 royal jellies
 c - 7 bread rations
 p - 4 meat rations
 u - a fruit


   Skills:
 - Level 2.0 Fighting
 + Level 12.1 Axes
 - Level 2.1 Dodging
 - Level 2.4 Stealth
 - Level 5.2 Spellcasting
 - Level 7.0 Necromancy
 - Level 9.3 Evocations


You had 6 spell levels left.
You knew the following spells:

 Your Spells              Type           Power        Failure   Level  Hunger
a - Pain                  Necr           ####         1%          1    None
b - Animate Skeleton      Necr           N/A          1%          1    None
c - Control Undead        Necr           ####......   10%         4    ####...
d - Animate Dead          Necr           N/A          10%         4    ####...
e - Vampiric Draining     Necr           ####......   3%          3    ###....


Dungeon Overview and Level Annotations

Branches:
Dungeon (10/15)            Temple (1/1) D:4            Lair (0/6) D:8
    Orc (0/2) D:9

Altars:
Ashenzari
Cheibriados
Elyvilon
Gozag
Makhleb
Qazlal
Trog
Xom
Yredelemnul

Annotations:
D:3 Frank's ghost, amateur OpFi


Innate Abilities, Weirdness & Mutations

You are resistant to damage.
You can heal yourself by infusing magical energy.
You passively map the area around you.
You do not regenerate.
You have a pair of small antennae on your head.
You are mostly covered in slimy green scales. (AC +3)
Your mind is acute. (Int +2)
Your magical capacity is low. (-10% MP)


Message History

Casting: Vampiric Draining
Confirm with . or Enter, or press ? or * to list all spells.
Aiming: Vampiric Draining
Press: ? - help, Shift-Dir - straight line, f/p - two-headed ogre
Aim: a two-headed ogre, wielding a giant club and a giant spiked club (almost dead)
You miscast Vampiric Draining.
You are very lightly contaminated with residual magic.
The world around you seems to dim momentarily.
You are starving!
The ogre barely misses you. You block the two-headed ogre's attack.
The two-headed ogre hits you with a giant spiked club!
* * * LOW HITPOINT WARNING * * *
You hit the two-headed ogre but do no damage.
The two-headed ogre is almost dead.
You hit the ogre. You block the ogre's attack.
You hit the two-headed ogre but do no damage.
The two-headed ogre is almost dead.
You hit the ogre but do no damage.
The two-headed ogre hits you with a giant club!!
You die...

* ####### *
* * * ,
#.....# ,
,, ,,
#.@...# ⌠*
, #.OO..# ,
* ,
,#.....#⌠ ⌠
,#.>...# *
, * *
+.....# *,
, , *
##....#, ,
, *
##....#,
,*** *
#.....#, *
, *,
#.....+...#
, ,


You could see a two-headed ogre and an ogre.

Vanquished Creatures
  A komodo dragon (D:8)
  Prince Ribbit (D:8)
  2 yaks (D:7)
  Sigmund (D:6)
  A human (D:7)
  2 wyverns (D:8)
  A wraith (D:9)
  2 hogs (D:7)
  A steam dragon (D:8)
  2 hungry ghosts
  An ice beast (D:8)
  5 orc warriors
  2 necrophages
  A sky beast (D:7)
  4 ogres
  3 centaurs
  A crocodile (D:8)
  4 bullfrogs
  A scorpion (D:5)
  3 troll zombies (D:9)
  5 killer bees
  A quasit (D:9)
  4 hounds
  2 centaur skeletons
  9 orc priests
  2 jellies (D:9)
  Crazy Yiuf (D:6)
  A gnoll shaman (D:9)
  7 orc wizards
  2 worker ants
  5 ogre zombies (D:9)
  A hound zombie (D:6)
  14 gnolls
  7 adders
  2 worms
  A dart slug (D:4)
  4 leopard geckos
  32 orcs
  3 bats
  6 giant cockroaches
  3 goblins
  4 hobgoblins
  7 jackals
  9 kobolds
  4 quokkas
  4 frilled lizards
  A goblin skeleton (D:9)
  A hobgoblin skeleton (D:9)
  7 hobgoblin zombies (D:9)
  A jackal skeleton (D:5)
  3 orc skeletons (D:9)
  13 orc zombies (D:9)
  6 rats
211 creatures vanquished.

Vanquished Creatures (collateral kills)
  2 ogres
  A phantom (D:8)
  A necrophage (D:9)
  A bullfrog (D:9)
  A howler monkey (D:8)
  A worker ant (D:5)
  A worker ant zombie (D:5)
  2 gnolls (D:4)
  An adder (D:7)
  An orc (D:7)
  A quokka (D:8)
13 creatures vanquished.

Grand Total: 224 creatures vanquished

Notes
Turn   | Place    | Note
-------+----------+-------------------------------------------
     0 | D:1      | Irenicus the Deep Dwarf Necromancer began the quest for the Orb.
     0 | D:1      | Reached XP level 1. HP: 15/15 MP: 3/3
   225 | D:1      | Found a shattered altar of Ashenzari.
   232 | D:1      | Learned a level 1 spell: Animate Skeleton
   323 | D:1      | Reached XP level 2. HP: 11/22 MP: 0/5
   526 | D:1      | Reached skill level 5 in Necromancy
  1020 | D:2      | Reached XP level 3. HP: 14/28 MP: 0/6
  1078 | D:2      | Found a white marble altar of Elyvilon.
  1101 | D:2      | Learned a level 3 spell: Vampiric Draining
  1391 | D:3      | Reached XP level 4. HP: 14/36 MP: 2/7
  1531 | D:3      | Noticed Frank's ghost (amateur OpFi)
  1686 | D:3      | Found a snail-covered altar of Cheibriados.
  1736 | D:3      | Reached XP level 5. HP: 18/42 MP: 0/8
  2034 | D:4      | Reached XP level 6. HP: 28/49 MP: 1/11
  2073 | D:5      | Entered Level 5 of the Dungeon
  2289 | D:4      | Found a staircase to the Ecumenical Temple.
  2293 | Temple   | Entered the Ecumenical Temple
  2306 | Temple   | Became a worshipper of Makhleb the Destroyer
  2854 | D:5      | Reached XP level 7. HP: 33/53 MP: 1/14
  2925 | D:5      | Learned a level 4 spell: Control Undead
  2930 | D:5      | Learned a level 4 spell: Animate Dead
  3033 | D:5      | Reached skill level 5 in Spellcasting
  3057 | D:5      | Reached * piety under Makhleb
  3057 | D:5      | Reached skill level 2 in Axes
  3349 | D:6      | Reached skill level 3 in Axes
  3359 | D:6      | Found a basalt altar of Yredelemnul.
  3558 | D:6      | Found a runed door.
  3562 | D:6      | Noticed Crazy Yiuf
  3574 | D:6      | Killed Crazy Yiuf
  3574 | D:6      | Reached skill level 4 in Axes
  3743 | D:6      | Got a brightly glowing leather armour
  3754 | D:6      | Identified the cursed +0 leather armour "Jotiazxe" {rCorr Dex+3} (You found it on level 6 of the Dungeon)
  3793 | D:6      | Found a stormy altar of Qazlal.
  3809 | D:6      | Reached skill level 5 in Axes
  3812 | D:6      | Reached XP level 8. HP: 55/60 MP: 5/15
  4078 | D:6      | Reached skill level 6 in Axes
  4167 | D:6      | Found a bloodstained altar of Trog.
  4172 | D:6      | Noticed Sigmund
  4199 | D:6      | Killed Sigmund
  4199 | D:6      | Reached skill level 7 in Axes
  4277 | D:7      | Reached ** piety under Makhleb
  4427 | D:7      | Found a shimmering altar of Xom.
  4548 | D:7      | Gained mutation: Your magical capacity is low. (-10% MP) [mutagenic meat]
  4549 | D:7      | Gained mutation: You are partially covered in slimy green scales. (AC +2) [mutagenic meat]
  4550 | D:7      | Gained mutation: You have a pair of small antennae on your head. [mutagenic meat]
  4551 | D:7      | Gained mutation: You are mostly covered in slimy green scales. (AC +3) [mutagenic meat]
  4557 | D:7      | Reached skill level 5 in Evocations
  4558 | D:7      | Gained mutation: Your mind is acute. (Int +2) [mutagenic meat]
  4780 | D:7      | Gained mutation: You passively map the area around you. [Deep Dwarf growth]
  4780 | D:7      | Reached XP level 9. HP: 63/66 MP: 8/15
  4905 | D:8      | Reached skill level 1 in Fighting
  5102 | D:8      | Reached skill level 8 in Axes
  5299 | D:8      | Reached skill level 9 in Axes
  5314 | D:8      | Noticed a komodo dragon
  5329 | D:8      | Killed a komodo dragon
  5338 | D:8      | Reached *** piety under Makhleb
  5338 | D:8      | Reached skill level 10 in Axes
  5345 | D:8      | Found a staircase to the Lair.
  5671 | D:8      | Reached XP level 10. HP: 61/78 MP: 3/16
  5840 | D:9      | Noticed Prince Ribbit
  5954 | D:8      | Killed Prince Ribbit
  5983 | D:9      | Found a staircase to the Orcish Mines.
  5990 | D:9      | Reached skill level 11 in Axes
  5996 | D:9      | Reached **** piety under Makhleb
  6693 | D:9      | Reached skill level 12 in Axes
  6717 | D:10     | Entered Level 10 of the Dungeon
  6717 | D:10     | Noticed a two-headed ogre
  6717 | D:10     | Noticed an unseen horror
  6855 | D:10     | Mangled by a two-headed ogre

Skill      XL: |  1  2  3  4  5  6  7  8  9 10 |
---------------+-------------------------------+-----
Spellcasting   | 2 3 4 5 |  5.2
Necromancy     | 5 6 7 |  7.0
Axes           | 5 7 10 12 | 12.1
Evocations     | 7 9 |  9.3
Fighting       | 2 |  2.0
Dodging        | |  2.1
Stealth        | |  2.4

Action                   |  1- 3 |  4- 6 |  7- 9 | 10-12 || total
-------------------------+-------+-------+-------+-------++-------
Melee: Unarmed           |    35 |       |       |       ||    35
       Short sword       |    45 |    60 |       |       ||   105
       Dagger            |       |    83 |     3 |       ||    86
       Hand axe          |       |     1 |   210 |    67 ||   278
       War axe           |       |       |    49 |    42 ||    91
Throw: Throwing net      |       |       |       |     2 ||     2
 Cast: Pain              |    48 |    14 |    11 |       ||    73
       Animate Skeleton  |     6 |     7 |    12 |     4 ||    29
       Vampiric Draining |     3 |    33 |    65 |    35 ||   136
       Control Undead    |       |       |     1 |       ||     1
Evoke: Wand              |       |       |    14 |    12 ||    26
  Use: Potion            |     2 |     1 |       |     4 ||     7
       Scroll            |       |     2 |     9 |     1 ||    12
 Stab: Sleeping          |     1 |     4 |     1 |     2 ||     8
       Distracted        |       |     1 |       |       ||     1
       Paralysed         |       |       |    19 |       ||    19
  Eat: Chunk             |     3 |     8 |    20 |     3 ||    34
       Fruit             |       |       |       |     2 ||     2
Armor: Robe              |     4 |       |       |       ||     4
       Leather armour    |    21 |    17 |    62 |    46 ||   146
       Skin              |       |     9 |       |    63 ||    72
Dodge: Dodged            |    76 |    65 |   130 |    82 ||   353
Block: Other             |     8 |    30 |    74 |    51 ||   163
       Reflection        |     2 |       |     1 |     1 ||     4
